[Event "Queens Festival Final Team 2022"]
[Site "Tornelo"]
[Date "2022.06.26"]
[Round "7.2"]
[White "Mayeregger Gonzalez, Renata"]
[Black "Khezrian, Nooralzahra"]
[Result "0-1"]
[ECO "C45"]
[WhiteElo "1461"]
[BlackElo "1269"]
[Annotator "NA RC"]
[PlyCount "120"]
[EventDate "2022.06.24"]
[EventType "team-tourn"]
[EventCountry "NET"]
[SourceTitle "playchess.com"]
[Source "ChessBase"]
[SourceQuality "1"]
[WhiteTeam "Paraguay"]
[BlackTeam "Iran"]
[WhiteTeamCountry "PAR"]
[BlackTeamCountry "IRI"]
[TimeControl "180+2"]

1. e4 e5 2. Nf3 Nc6 3. d4 exd4 4. Nxd4 Bc5 5. Nxc6 Qf6 6. Qf3 dxc6 7. Nc3 Be6 8. Qg3 O-O-O 9. Bd3 h5 10. Bg5 Qg6 11. Bxd8 Qxg3 12. fxg3 Kxd8 13. O-O-O Kc8 14. Kb1 Nf6 15. a3 Ng4 16. b4 Bd4 17. Ne2 Bb6 18. c4 a6 19. c5 Ba7 20. Rdf1 Ne3 21. Rf3 Nxg2 22. Rg1 Bh3 23. Nf4 Nxf4 24. Rxf4 f6 25. Be2 b6 26. Bxa6+ Kd8 27. Rd1+ Ke7 28. cxb6 Bxb6 29. Be2 Be3 30. Rf3 Bg5 31. Rc3 Bd7 32. a4 Rb8 33. Rb3 f5 34. exf5 Bxf5+ 35. Bd3 Be6 36. Rb2 Bf6 37. Re2 Rxb4+ 38. Kc2 Rb2+ 39. Kc1 Rb3 40. Rde1 Rxd3 41. Rxe6+ Kf7 42. a5 Bg5+ 43. Kc2 Ra3 44. Kb2 Rxa5 45. R6e4 Rb5+ 46. Kc2 Bf6 47. Kd3 Rb3+ 48. Ke2 Rb2+ 49. Kf3 Rxh2 50. Rc4 Ra2 51. Rxc6 Ra7 52. Rec1 Be5 53. Ke4 Bd6 54. Kf3 Ra3+ 55. R1c3 Ra4 56. R6c4 Ra1 57. g4 h4 58. g5 h3 59. Rc1 Ra3+ 60. R4c3 Ra2 0-1

[Event "Queens Festival Final Team 2022"]
[Site "Tornelo"]
[Date "2022.06.26"]
[Round "7.2"]
[White "Mayeregger Gonzalez, Fiorella"]
[Black "Masoumi, Sahar"]
[Result "0-1"]
[ECO "A25"]
[WhiteElo "1284"]
[BlackElo "2004"]
[Annotator "NA RC"]
[PlyCount "54"]
[EventDate "2022.06.24"]
[EventType "team-tourn"]
[EventCountry "NET"]
[SourceTitle "playchess.com"]
[Source "ChessBase"]
[SourceQuality "1"]
[WhiteTeam "Paraguay"]
[BlackTeam "Iran"]
[WhiteTeamCountry "PAR"]
[BlackTeamCountry "IRI"]
[TimeControl "180+2"]

1. Nf3 Nf6 2. c4 g6 3. e3 Bg7 4. d4 O-O 5. Nc3 d6 6. Be2 Nc6 7. O-O e5 8. dxe5 dxe5 9. e4 h6 10. Nd5 Be6 11. b3 Nxe4 12. Bb2 Re8 13. Qd3 Bf5 14. Qd1 Nc5 15. Ba3 Ne6 16. Re1 e4 17. Nd2 Ned4 18. Rc1 Ne5 19. Bb2 Nxe2+ 20. Rxe2 Bg4 21. f3 exf3 22. gxf3 Nxf3+ 23. Nxf3 Bxf3 24. Rxe8+ Qxe8 25. Qxf3 Bxb2 26. Rf1 Qe6 27. Nxc7 Qb6+ 0-1

[Event "Queens Festival Final Team 2022"]
[Site "Tornelo"]
[Date "2022.06.26"]
[Round "7.2"]
[White "khezrian, Neda"]
[Black "Perez Rodriguez, Jennifer"]
[Result "0-1"]
[ECO "D35"]
[WhiteElo "1056"]
[BlackElo "2251"]
[Annotator "TA"]
[PlyCount "112"]
[EventDate "2022.06.24"]
[EventType "team-tourn"]
[EventCountry "NET"]
[SourceTitle "playchess.com"]
[Source "ChessBase"]
[SourceQuality "1"]
[WhiteTeam "Iran"]
[BlackTeam "Paraguay"]
[WhiteTeamCountry "IRI"]
[BlackTeamCountry "PAR"]
[TimeControl "180+2"]

1. d4 Nf6 2. c4 e6 3. Nc3 d5 4. Bf4 Bd6 5. Bg3 Bxg3 6. hxg3 {[%emt 0:00:03] D35: Queen's Gambit Declined: Exchange Variation.} h6 7. Nf3 (7. e3 $14) 7... O-O $11 8. e3 {[%emt 0:00:03] The position is equal.} Nbd7 9. Bd3 c5 {[%emt 0:00:01] [#]} 10. dxc5 $146 ({Predecessor:} 10. cxd5 exd5 11. O-O b6 12. Ne5 Re8 13. f4 Nxe5 14. dxe5 Ng4 15. Nxd5 Bb7 16. Qxg4 Qxd5 {1-0 (41) Kononenko,T (2388)-Dincok,B Antalya 2002}) 10... Nxc5 (10... dxc4 {with more complications.} 11. Bxc4 Nxc5 12. Qxd8 Rxd8 13. Rh4 b6) 11. Ne5 {[%emt 0:00:03] [#]} (11. cxd5 $11 exd5 12. O-O) 11... Nxd3+ (11... Qc7 $1 $17 12. f4 Ncd7 13. Nxd7 Bxd7 14. cxd5 Qb6) 12. Qxd3 dxc4 13. Qxd8 Rxd8 14. Nxc4 b6 15. O-O $2 {[%emt 0:00:07][%mdl 8192] This costs White the game.} (15. Rh4 $11 {and White stays safe.}) 15... Ba6 $19 16. b3 Rac8 (16... b5 $142 17. Ne5 b4) 17. Rad1 (17. Rfd1 $142) 17... Rxd1 18. Rxd1 (18. Nxd1 {only move.} Bxc4 19. bxc4) 18... b5 19. Nd6 (19. Nxb5 $142 Bxb5 20. Nd6) 19... Rxc3 20. f3 Rxe3 21. Ne4 Nxe4 22. fxe4 {[%emt 0:00:01][%mdl 4096] Endgame KRB-KR} b4 23. Rd7 Rxe4 24. Rxa7 Bd3 25. Rb7 Bb1 26. Ra7 g5 27. Kf2 Kg7 28. Kf3 h5 {[%emt 0:00:02] ...Kf6 is the strong threat.} 29. a3 bxa3 30. Rxa3 g4+ 31. Kf2 Bd3 {[%emt 0:00:01] [#] ( -> ...Re2+)} 32. b4 Re2+ {[%emt 0:00:04] Black mates.} 33. Kg1 Be4 34. Kf1 Rb2 35. Re3 Bxg2+ 36. Kg1 Bd5 37. Kf1 Rxb4 38. Ke1 Re4 39. Rxe4 Bxe4 {[%emt 0:00:00] KB-KP} 40. Ke2 Kg6 41. Ke3 Bd5 42. Kf4 f6 43. Ke3 e5 44. Kf2 Kg5 45. Ke3 h4 46. gxh4+ Kxh4 47. Kf2 Kh3 48. Kg1 Kg3 49. Kf1 Kh2 50. Kf2 g3+ 51. Ke3 g2 52. Kd3 g1=Q 53. Kc3 Qd4+ 54. Kc2 Be4+ 55. Kc1 Qc3+ 56. Kd1 Bf3# {[%emt 0:00:01] Weighted Error Value: White=1.13/Black=0.16 (very precise)} 0-1

[Event "Queens Festival Final Team 2022"]
[Site "Tornelo"]
[Date "2022.06.26"]
[Round "7.3"]
[White "Ovezdurdiyeva, Jemal"]
[Black "Alboredo, Julia"]
[Result "1-0"]
[ECO "E61"]
[WhiteElo "2061"]
[BlackElo "2252"]
[Annotator "TA"]
[PlyCount "143"]
[EventDate "2022.06.24"]
[EventType "team-tourn"]
[EventCountry "NET"]
[SourceTitle "playchess.com"]
[Source "ChessBase"]
[SourceQuality "1"]
[WhiteTeam "Turkmenistan"]
[BlackTeam "Brazil"]
[WhiteTeamCountry "TKM"]
[BlackTeamCountry "BRA"]
[TimeControl "180+2"]

1. d4 Nf6 2. c4 g6 3. Nc3 Bg7 4. Bg5 O-O 5. e3 d6 6. Be2 c6 7. Nf3 a6 8. Qc2 {[%emt 0:00:02] E61: King's Indian: Early deviations for White, including Smyslov System.} b5 9. a3 Nbd7 10. Rd1 {[%emt 0:00:05] The position is equal.} Bb7 11. O-O Rc8 {[%emt 0:00:11] [#]} 12. e4 $146 ({Predecessor:} 12. Qd2 Re8 13. Rfe1 Qb6 14. e4 bxc4 15. Bxc4 d5 16. exd5 cxd5 17. Bf1 Ne4 18. Nxe4 dxe4 {0-1 (51) Wood,P (1965)-Ager,J (2223) Velden 2009}) 12... bxc4 13. e5 dxe5 (13... Nd5 14. exd6 Bf6 15. dxe7 (15. Bxc4 Bxg5 16. Nxg5 exd6 $11) 15... Qxe7 16. Bh6 $16) 14. dxe5 (14. Nxe5 Nxe5 15. dxe5 Nd5 $11) 14... Nd5 15. e6 fxe6 16. Bxc4 N7b6 17. Ba2 {[%emt 0:00:05] And now Rfe1 would win.} c5 18. Rfe1 Qd7 19. Qe2 Kh8 20. Qxe6 (20. Ne5 {looks sharper.} Qe8 21. Ng4 Nxc3 22. bxc3 Qc6 23. f3) 20... Qxe6 21. Rxe6 Nxc3 (21... Bxc3 $11 {keeps the balance.} 22. Bxd5 (22. bxc3 Nxc3 23. Rd2 Nxa2 $11) 22... Bxd5 23. Rxb6 Bxf3 24. gxf3 Bd4) 22. bxc3 $16 Na4 (22... Rfd8 $14 23. Rd2 Bxf3 24. gxf3 Rxd2 25. Bxd2 Na4) 23. Bd5 {[%emt 0:00:39] White is more active.} ({Inferior is} 23. Bxe7 Nxc3 24. Bxf8 Bxf8 $15) (23. Rxe7 Bc6) ({White should play} 23. Rd7 $16 Bc6 24. Ra7 (24. Rdxe7 Nxc3 25. Bc4 Bb5 $14)) 23... Nxc3 (23... Rfd8 {seems wilder.} 24. Bb3 Rxd1+ 25. Bxd1 Bd5) 24. Bxb7 Nxd1 25. Bxc8 ({Of course not} 25. Rxe7 Rce8 26. Rd7 h6 27. Rxd1 hxg5 $17) 25... Rxc8 26. Rxe7 c4 27. Re1 (27. Kf1 $11) 27... Nb2 $15 28. Rc1 c3 29. Rc2 (29. Ne1 $142) 29... Nc4 $17 30. Bc1 Rd8 31. Kf1 Nb2 (31... Kg8 $17 32. Ke2 Re8+ 33. Kf1 h6) 32. Ng5 $1 $11 {[%emt 0:00:05] aiming for Nf7+.} Rd7 {[%emt 0:00:09] Inhibits Nf7+.} 33. Ne4 ({Don't go for} 33. Bxb2 $2 cxb2 34. Rc8+ Bf8 $1 35. Rxf8+ Kg7 36. Ne6+ Kh6 $19) 33... Na4 34. Ke2 Re7 35. f3 ({Better is} 35. Kd3 $11) 35... Kg8 (35... Nc5 $15) 36. Bg5 Rb7 37. Bf6 Rb2 38. Kd3 Bxf6 (38... Bf8 $11) 39. Nxf6+ {[%emt 0:00:02][%mdl 4096] Endgame KRN-KRN} Kf7 (39... Kg7 $14 40. Ne4 Rb3) 40. Ne4 ({White should try} 40. Nxh7 $16 Rb5 41. h4) 40... Rb3 41. Nxc3 (41. Ng5+ {is more complex.} Kg7 42. Ra2 Kf6 43. Nxh7+ Kf5 44. Nf8) 41... Rxa3 42. Kc4 (42. Ra2 $11 Rxa2 43. Nxa2) 42... Nxc3 (42... Rxc3+ $142 43. Rxc3 Nxc3) 43. Rxc3 $2 $19 {[%emt 0:00:02] KR-KR} (43. Kc5) 43... Ra2 $2 (43... Rxc3+ $19 44. Kxc3 Ke6) 44. g3 Rxh2 45. Ra3 Rg2 46. g4 Rg3 47. Kd5 a5 48. Ke4 h5 49. gxh5 (49. Kf4 $5 Rg2 50. Rxa5 $11) 49... gxh5 50. Rxa5 Kg6 51. Kf4 Rg1 52. Ra6+ Kg7 53. Ra5 Kh6 54. Ra6+ Kg7 55. Ra5 h4 56. Rh5 Rh1 57. Kg4 Kg6 {[%emt 0:00:02] ( -> ...Rg1+)} 58. Rxh4 Rg1+ 59. Kf4 {[%emt 0:00:02] Threatening mate with Rg4+.} Ra1 60. Rg4+ Kf6 61. Rh4 Ra4+ 62. Kg3 Rxh4 63. Kxh4 $11 {[%emt 0:00:02] KP-K} Kf5 64. Kg3 Kf6 $4 (64... Kg5 $11) 65. Kf4 {[%emt 0:00:02] White mates.} Ke6 66. Kg5 Kf7 67. Kf5 Kg7 {[%emt 0:00:01] [#]} 68. Ke6 $1 Kg6 69. f4 Kg7 70. f5 Kf8 71. Kf6 Kg8 72. Ke7 {[%emt 0:00:01] Never resign too early!  Weighted Error Value: White=0.36/Black=0.31} 1-0

[Event "Queens Festival Final Team 2022"]
[Site "Tornelo"]
[Date "2022.06.26"]
[Round "7.3"]
[White "Medeiros, Thauane Ferreira"]
[Black "Shohradowa, Lala"]
[Result "1/2-1/2"]
[ECO "B13"]
[WhiteElo "1884"]
[BlackElo "1856"]
[Annotator "NA RC"]
[PlyCount "98"]
[EventDate "2022.06.24"]
[EventType "team-tourn"]
[EventCountry "NET"]
[SourceTitle "playchess.com"]
[Source "ChessBase"]
[SourceQuality "1"]
[WhiteTeam "Brazil"]
[BlackTeam "Turkmenistan"]
[WhiteTeamCountry "BRA"]
[BlackTeamCountry "TKM"]
[TimeControl "180+2"]

1. d4 Nf6 2. Bf4 c5 3. e3 cxd4 4. exd4 d5 5. c3 Nc6 6. Nd2 Bf5 7. h3 e6 8. Ngf3 Bd6 9. Bxd6 Qxd6 10. Be2 O-O 11. O-O h6 12. Re1 Rab8 13. Nb3 Ne4 14. Bd3 b5 15. a3 a5 16. Qe2 b4 17. axb4 axb4 18. c4 dxc4 19. Bxc4 Ra8 20. Rxa8 Rxa8 21. Bd3 Nf6 22. Bxf5 exf5 23. Qd3 Ne4 24. Nbd2 Nxd2 25. Qxd2 b3 26. Qd3 Qd5 27. Rc1 Rd8 28. Rc3 Nb4 29. Qe3 Nc2 30. Qd2 Nxd4 31. Nxd4 Qxd4 32. Qxd4 Rxd4 33. Rxb3 Rd1+ 34. Kh2 g5 35. g3 Kg7 36. Kg2 h5 37. Rb5 Kg6 38. b4 Rb1 39. Rb7 g4 40. hxg4 fxg4 41. b5 Rb3 42. Rb8 Kg7 43. b6 Rb2 44. Kf1 Kf6 45. Kg2 Kg7 46. Rb7 Rb1 47. Rb8 Kg6 48. Rb7 Kg7 49. Rb8 Rb2 1/2-1/2

[Event "Queens Festival Final Team 2022"]
[Site "Tornelo"]
[Date "2022.06.26"]
[Round "7.3"]
[White "Agajanova, Meryem"]
[Black "Bucci, Andrea Vidigal"]
[Result "1-0"]
[ECO "D11"]
[WhiteElo "1783"]
[BlackElo "1769"]
[Annotator "NA RC"]
[PlyCount "65"]
[EventDate "2022.06.24"]
[EventType "team-tourn"]
[EventCountry "NET"]
[SourceTitle "playchess.com"]
[Source "ChessBase"]
[SourceQuality "1"]
[WhiteTeam "Turkmenistan"]
[BlackTeam "Brazil"]
[WhiteTeamCountry "TKM"]
[BlackTeamCountry "BRA"]
[TimeControl "180+2"]

1. d4 d5 2. Nf3 c6 3. c4 Nf6 4. Nbd2 Bf5 5. g3 Nbd7 6. Bg2 e6 7. O-O Be7 8. Re1 O-O 9. Nh4 Bg6 10. Nxg6 hxg6 11. e4 dxe4 12. Nxe4 Nxe4 13. Bxe4 Nf6 14. Bg2 Qb6 15. Be3 Qc7 16. Qe2 Rad8 17. Red1 c5 18. dxc5 Bxc5 19. Bxc5 Qxc5 20. Bxb7 Rb8 21. Bf3 Rb4 22. b3 a5 23. Rab1 Rfb8 24. Rd3 a4 25. Qd1 axb3 26. axb3 Nh5 27. Rd8+ Kh7 28. Rxb8 Rxb8 29. Qd7 Qf5 30. Qd1 Nf6 31. Kg2 Qc5 32. Qd2 Rb7 33. Bxb7 1-0

[Event "Queens Festival Final Team 2022"]
[Site "Tornelo"]
[Date "2022.06.26"]
[Round "7.4"]
[White "Bian, Erin"]
[Black "Mwendwa, Triza"]
[Result "1-0"]
[ECO "C11"]
[WhiteElo "1811"]
[BlackElo "1470"]
[Annotator "NA RC"]
[PlyCount "57"]
[EventDate "2022.06.24"]
[EventType "team-tourn"]
[EventCountry "NET"]
[SourceTitle "playchess.com"]
[Source "ChessBase"]
[SourceQuality "1"]
[WhiteTeam "United States"]
[BlackTeam "Kenya"]
[WhiteTeamCountry "USA"]
[BlackTeamCountry "KEN"]
[TimeControl "180+2"]

1. e4 e6 2. d4 d5 3. Nc3 Nf6 4. e5 Nfd7 5. f4 c5 6. Nf3 Nc6 7. Be3 Rb8 8. Be2 a6 9. O-O b5 10. Qd2 b4 11. Nd1 Qb6 12. g4 a5 13. f5 Ba6 14. Bxa6 Qxa6 15. fxe6 fxe6 16. Qf2 Be7 17. dxc5 Ncxe5 18. Nxe5 Nxe5 19. Bd4 Bf6 20. Qf4 Nd7 21. Bxf6 gxf6 22. Qd4 Rg8 23. Ne3 Qc6 24. Rae1 Rb5 25. Nxd5 Rxc5 26. Nxf6+ Nxf6 27. Rxf6 Rxg4+ 28. Qxg4 Rf5 29. Rfxe6+ 1-0

[Event "Queens Festival Final Team 2022"]
[Site "Tornelo"]
[Date "2022.06.26"]
[Round "7.4"]
[White "Shah, Riya"]
[Black "Krush, Irina"]
[Result "0-1"]
[ECO "D00"]
[WhiteElo "1559"]
[BlackElo "2430"]
[Annotator "TA"]
[PlyCount "58"]
[EventDate "2022.06.24"]
[EventType "team-tourn"]
[EventCountry "NET"]
[SourceTitle "playchess.com"]
[Source "ChessBase"]
[SourceQuality "1"]
[WhiteTeam "Kenya"]
[BlackTeam "United States"]
[WhiteTeamCountry "KEN"]
[BlackTeamCountry "USA"]
[TimeControl "180+2"]

1. d4 d5 2. e3 Nf6 3. Bd3 c5 4. c3 Nc6 5. f4 Bg4 6. Nf3 e6 7. O-O {[%emt 0:00:01] The main line 7.0-0 scores better than 7.Nbd2.} Be7 {[%emt 0:00:03] D00: 1 d4 d5: Unusual lines.} 8. Qe1 O-O 9. Ne5 Bf5 {[%emt 0:00:02] [#] Black is slightly better.} 10. Bxf5 $146 ({Predecessor:} 10. Qe2 Qb6 11. Nd2 Rac8 {0-1 (11) Voudouris,N (1616)-Zielaz,T (2077) LSS email 2018}) 10... exf5 11. b3 Ne4 12. Bb2 f6 13. Nxc6 bxc6 14. Nd2 Nxd2 15. Qxd2 Re8 16. Rf3 Bd6 17. Re1 (17. c4 $11 {might be stronger.}) 17... Re4 $15 18. Qf2 Qe7 19. Qh4 Re8 20. Kf2 $2 {[%emt 0:00:02][%mdl 8192] This move loses the game for White.} (20. dxc5 $17 Bxc5 21. Bc1) 20... cxd4 21. cxd4 c5 {[%emt 0:00:01][%cal Bc6c5,Bc5d4][%mdl 32] [#] Hoping for ...cxd4.} 22. Bc3 (22. Kf1 Bxf4 23. Rxf4 Rxe3 24. Rxe3 Qxe3 25. Qg3 Qe2+ 26. Kg1 Qxb2 27. dxc5) 22... cxd4 $19 23. Bd2 Bc5 24. Qg3 dxe3+ 25. Bxe3 d4 26. b4 dxe3+ 27. Kg1 Bxb4 28. Re2 Qd7 {[%emt 0:00:05] [#] ( -> ...Qd1+)} 29. h3 Qd1+ {[%emt 0:00:02] Weighted Error Value: White=1.66/Black=0.48} 0-1

[Event "Queens Festival Final Team 2022"]
[Site "Tornelo"]
[Date "2022.06.26"]
[Round "7.4"]
[White "Kosgey Sheila Jerop"]
[Black "Yellamraju, Aparna"]
[Result "0-1"]
[ECO "A08"]
[WhiteElo "1242"]
[BlackElo "1720"]
[Annotator "NA RC"]
[PlyCount "72"]
[EventDate "2022.06.24"]
[EventType "team-tourn"]
[EventCountry "NET"]
[SourceTitle "playchess.com"]
[Source "ChessBase"]
[SourceQuality "1"]
[WhiteTeam "Kenya"]
[BlackTeam "United States"]
[WhiteTeamCountry "KEN"]
[BlackTeamCountry "USA"]
[TimeControl "180+2"]

1. e4 e6 2. d3 d5 3. Nd2 c5 4. Ngf3 Nc6 5. g3 Bd6 6. Bg2 Nge7 7. O-O O-O 8. Re1 a6 9. Nf1 b5 10. exd5 exd5 11. h4 Bb7 12. N1h2 d4 13. Bg5 f6 14. Bd2 Qc7 15. c3 dxc3 16. Bxc3 Kh8 17. a3 Rad8 18. Ng4 Nf5 19. Qc2 Nfd4 20. Nxd4 cxd4 21. Bb4 Nxb4 22. Qxc7 Bxc7 23. Bxb7 Nxd3 24. Re7 Bd6 25. Re4 Nc5 26. Rxd4 Nxb7 27. Rad1 Be5 28. Nxe5 fxe5 29. Rd5 Rxd5 30. Rxd5 Re8 31. Kf1 Kg8 32. Ke2 Na5 33. Rd6 Nc4 34. Rxa6 Nxb2 35. Ra5 Nc4 36. Kd3 Nxa5 0-1

[Event "Queens Festival Final Team 2022"]
[Site "Tornelo"]
[Date "2022.06.26"]
[Round "7.5"]
[White "Vujcic, Milena"]
[Black "Moshoboro Arona"]
[Result "1-0"]
[ECO "C02"]
[WhiteElo "1987"]
[BlackElo "1555"]
[Annotator "NA RC"]
[PlyCount "69"]
[EventDate "2022.06.24"]
[EventType "team-tourn"]
[EventCountry "NET"]
[SourceTitle "playchess.com"]
[Source "ChessBase"]
[SourceQuality "1"]
[WhiteTeam "Serbia"]
[BlackTeam "Botswana"]
[WhiteTeamCountry "SRB"]
[BlackTeamCountry "BOT"]
[TimeControl "180+2"]

1. e4 e6 2. d4 d5 3. e5 Bd7 4. c3 a6 5. f4 Bb5 6. Bd3 Ne7 7. Nf3 Nf5 8. O-O Be7 9. a4 Bxd3 10. Qxd3 c5 11. Be3 c4 12. Qd2 Nc6 13. g4 Nxe3 14. Qxe3 O-O 15. Nbd2 Qd7 16. Kg2 f6 17. Rf2 fxe5 18. fxe5 Rf7 19. Nf1 Raf8 20. Ng3 Rf4 21. h3 Qd8 22. Raf1 Qb6 23. Nh5 R4f7 24. g5 g6 25. Nf6+ Bxf6 26. gxf6 Qa5 27. Ng5 Rd7 28. Nxe6 Rff7 29. Qh6 Qxa4 30. Ng5 Rf8 31. f7+ Rdxf7 32. Rxf7 Qc2+ 33. R7f2 Rxf2+ 34. Rxf2 Qd3 35. Qxh7# 1-0

[Event "Queens Festival Final Team 2022"]
[Site "Tornelo"]
[Date "2022.06.26"]
[Round "7.5"]
[White "Francis, Onkemetse"]
[Black "Vukosavljevic, Tatjana"]
[Result "0-1"]
[ECO "C42"]
[WhiteElo "1777"]
[BlackElo "1758"]
[Annotator "NA RC"]
[PlyCount "104"]
[EventDate "2022.06.24"]
[EventType "team-tourn"]
[EventCountry "NET"]
[SourceTitle "playchess.com"]
[Source "ChessBase"]
[SourceQuality "1"]
[WhiteTeam "Botswana"]
[BlackTeam "Serbia"]
[WhiteTeamCountry "BOT"]
[BlackTeamCountry "SRB"]
[TimeControl "180+2"]

1. e4 e5 2. Nf3 Nf6 3. Nxe5 d6 4. Nf3 Nxe4 5. Nc3 Nxc3 6. dxc3 Be7 7. Bd3 O-O 8. O-O Nd7 9. h3 Nc5 10. Be2 Bf6 11. Be3 Ne6 12. Re1 Re8 13. Qd2 Bd7 14. Rad1 Bc6 15. Nh2 Bg5 16. Bf3 Bxe3 17. Rxe3 Qd7 18. Rde1 Nc5 19. Bxc6 Qxc6 20. Nf3 h6 21. Nd4 Qd7 22. Rg3 Rxe1+ 23. Qxe1 Re8 24. Qc1 Kh8 25. Re3 c6 26. b4 Na4 27. Qe1 Rxe3 28. Qxe3 Nb6 29. Qe2 Nd5 30. Qf3 Qe7 31. Nf5 Qe1+ 32. Kh2 Qe5+ 33. Kg1 Qe1+ 34. Kh2 Qe5+ 35. Kg1 Nxc3 36. a3 d5 37. Qg4 Ne4 38. Ne3 Nf6 39. Qc8+ Kh7 40. Qxb7 Qa1+ 41. Kh2 Qxa3 42. Qxc6 Qxb4 43. Qxd5 Qf4+ 44. Kg1 Ne4 45. Qf5+ Qxf5 46. Nxf5 a5 47. f3 Nc3 48. Nd4 a4 49. Kf2 Kg6 50. Ke3 Kf6 51. Kd3 Nb1 52. Kc4 Ke5 0-1

[Event "Queens Festival Final Team 2022"]
[Site "Tornelo"]
[Date "2022.06.26"]
[Round "7.5"]
[White "Marape, Naledi"]
[Black "Maksimovic, Suzana"]
[Result "0-1"]
[ECO "B28"]
[WhiteElo "1707"]
[BlackElo "2145"]
[Annotator "RC"]
[PlyCount "62"]
[EventDate "2022.06.24"]
[EventType "team-tourn"]
[EventCountry "NET"]
[SourceTitle "playchess.com"]
[Source "ChessBase"]
[SourceQuality "1"]
[WhiteTeam "Botswana"]
[BlackTeam "Serbia"]
[WhiteTeamCountry "BOT"]
[BlackTeamCountry "SRB"]
[TimeControl "180+2"]

1. e4 c5 2. Nf3 a6 3. d4 cxd4 4. Nxd4 e5 5. Nb3 Nf6 6. Nc3 Bb4 7. Bg5 h6 8. Bxf6 Bxc3+ 9. bxc3 Qxf6 10. Qd5 O-O 11. Bc4 d6 12. Rd1 Rd8 13. Nc5 Nc6 14. Nb3 Qg6 15. O-O Bh3 16. Qxf7+ Qxf7 17. Bxf7+ Kxf7 18. gxh3 Ke6 19. Rd3 Rf8 20. Rfd1 Rad8 21. Nc5+ dxc5 22. Rd5 b6 23. a3 Ke7 24. a4 Rxd5 25. exd5 Na5 26. d6+ Kd7 27. Rd5 Rf6 28. Rxe5 Rxd6 29. Re3 Nc4 30. Rd3 Rxd3 31. cxd3 Nb2 0-1

[Event "Queens Festival Final Team 2022"]
[Site "Tornelo"]
[Date "2022.06.26"]
[Round "7.5"]
[White "Vujovic, Vera"]
[Black "Banda Natalie Katlo"]
[Result "1-0"]
[ECO "B17"]
[WhiteElo "1353"]
[BlackElo "1629"]
[Annotator "NA RC"]
[PlyCount "89"]
[EventDate "2022.06.24"]
[EventType "team-tourn"]
[EventCountry "NET"]
[SourceTitle "playchess.com"]
[Source "ChessBase"]
[SourceQuality "1"]
[WhiteTeam "Serbia"]
[BlackTeam "Botswana"]
[WhiteTeamCountry "SRB"]
[BlackTeamCountry "BOT"]
[TimeControl "180+2"]

1. e4 c6 2. d4 d5 3. Nc3 dxe4 4. Nxe4 Nd7 5. c3 Ngf6 6. Nxf6+ Nxf6 7. Nf3 e6 8. Bd3 c5 9. O-O b6 10. Bb5+ Bd7 11. Bxd7+ Qxd7 12. Be3 Nd5 13. Qe2 Nxe3 14. fxe3 cxd4 15. exd4 Bd6 16. Rf2 O-O 17. Raf1 Qc7 18. g3 Rae8 19. Ng5 Re7 20. Ne4 e5 21. Qg4 Kh8 22. Ng5 h6 23. Qh5 Kg8 24. Nf3 e4 25. Nh4 e3 26. Re2 Bxg3 27. hxg3 Qxg3+ 28. Ng2 g6 29. Qf3 Qxf3 30. Rxf3 Kg7 31. Rfxe3 Rxe3 32. Nxe3 Re8 33. Nf5+ gxf5 34. Rxe8 Kf6 35. Ra8 Kg6 36. Rxa7 h5 37. Ra6 Kg5 38. Rxb6 f4 39. Rb7 f5 40. d5 h4 41. d6 f3 42. d7 h3 43. d8=Q+ Kg4 44. Rg7+ Kf4 45. Qd4# 1-0

[Event "Queens Festival Final Team 2022"]
[Site "Tornelo"]
[Date "2022.06.26"]
[Round "7.6"]
[White "Shriyan santosh Priyasha"]
[Black "Ismayil, Malak"]
[Result "0-1"]
[ECO "E10"]
[WhiteElo "1597"]
[BlackElo "2001"]
[Annotator "NA RC"]
[PlyCount "144"]
[EventDate "2022.06.24"]
[EventType "team-tourn"]
[EventCountry "NET"]
[SourceTitle "playchess.com"]
[Source "ChessBase"]
[SourceQuality "1"]
[WhiteTeam "MAW"]
[BlackTeam "Azerbaijan"]
[BlackTeamCountry "AZE"]
[TimeControl "180+2"]

1. Nf3 Nf6 2. d4 e6 3. g3 Be7 4. Bg2 O-O 5. c4 d6 6. O-O Nc6 7. Nc3 e5 8. d5 Nb8 9. e4 Bg4 10. h3 Bxf3 11. Qxf3 a5 12. a3 Na6 13. Be3 Nd7 14. Qe2 Bg5 15. f4 Bf6 16. Rad1 Qe7 17. Kh2 exf4 18. gxf4 Bxc3 19. bxc3 Nac5 20. Bd4 Rae8 21. Rde1 f6 22. Rg1 Kh8 23. Bf3 f5 24. Bxg7+ Qxg7 25. Rxg7 Kxg7 26. Rg1+ Kh8 27. Qb2 fxe4 28. Bg4 Nb6 29. Qg2 Rg8 30. Qe2 Nd3 31. Qe3 Rg7 32. Qd4 Nxf4 33. Be6 Nh5 34. Bf7 Re5 35. Bxh5 Rxg1 36. Kxg1 Kg7 37. c5 Nd7 38. cxd6 cxd6 39. Bg4 Nf6 40. Qb6 Rxd5 41. Qxb7+ Kg6 42. Qc8 Rc5 43. Qe6 h5 44. Be2 Rxc3 45. Qxd6 Rxh3 46. Qd2 Rg3+ 47. Kf2 Rxa3 48. Ke1 Ra1+ 49. Kf2 Ra3 50. Qd6 Ra2 51. Qg3+ Kh6 52. Qb3 Ra1 53. Qe3+ Kg6 54. Qd4 Ra3 55. Qc5 Rh3 56. Qe5 Rh4 57. Ke1 Rh1+ 58. Kd2 Rg1 59. Qc3 Rg5 60. Qe3 h4 61. Qd4 Rd5 62. Qxd5 Nxd5 63. Bg4 Kg5 64. Bh3 Kf4 65. Kc2 Kg3 66. Be6 h3 67. Bxd5 Kf3 68. Kd2 h2 69. Kc3 h1=Q 70. Kd4 Qd1+ 71. Ke5 Qxd5+ 72. Kxd5 e3 0-1

[Event "Queens Festival Final Team 2022"]
[Site "Tornelo"]
[Date "2022.06.26"]
[Round "7.6"]
[White "Nkhoma, Desiderata"]
[Black "Khalilova, Khadija"]
[Result "0-1"]
[ECO "B87"]
[WhiteElo "1465"]
[BlackElo "1777"]
[Annotator "NA RC"]
[PlyCount "112"]
[EventDate "2022.06.24"]
[EventType "team-tourn"]
[EventCountry "NET"]
[SourceTitle "playchess.com"]
[Source "ChessBase"]
[SourceQuality "1"]
[WhiteTeam "MAW"]
[BlackTeam "Azerbaijan"]
[BlackTeamCountry "AZE"]
[TimeControl "180+2"]

1. e4 c5 2. Nf3 d6 3. d4 cxd4 4. Nxd4 Nf6 5. Nc3 a6 6. Be3 e6 7. f3 Be7 8. Bc4 Qc7 9. Bb3 b5 10. Qe2 b4 11. Na4 O-O 12. O-O-O Bb7 13. Kb1 Nbd7 14. g4 Nc5 15. Nxc5 dxc5 16. g5 Nd7 17. g6 hxg6 18. Qc4 Ne5 19. Nxe6 Nxc4 20. Nxc7 Nxe3 21. Nxa8 Nxd1 22. Rxd1 Bxa8 23. Rd7 Rd8 24. Rxd8+ Bxd8 25. c3 a5 26. cxb4 cxb4 27. a3 Kf8 28. axb4 axb4 29. Kc2 f5 30. Bd5 Bxd5 31. exd5 Bf6 32. b3 Ke7 33. h3 Kd6 34. Kd2 Kxd5 35. Kd3 g5 36. Kd2 Kd4 37. Kc2 Ke3 38. Kd1 Kxf3 39. Kd2 Kg3 40. Kd3 f4 41. Kc4 Bc3 42. Kd5 f3 43. Ke6 f2 44. Kf5 f1=Q+ 45. Kg6 Qf6+ 46. Kh7 Qh6+ 47. Kg8 g6 48. Kf7 Qg7+ 49. Ke6 Qe5+ 50. Kf7 Qf6+ 51. Ke8 Qg7 52. h4 gxh4 53. Kd8 Kf4 54. Ke8 Ke5 55. Kd8 Kd6 56. Kc8 Qc7# 0-1